 Dungeon Crawl Stone Soup version 0.30-a0-857-gcaf70739d4 (webtiles) character file.

Game seed: 9764181197433599275

23 oldriver the Trooper (level 2, -12/20 HPs)
             Began as a Gargoyle Chaos Knight on Mar 6, 2023.
             Was a Plaything of Xom.
             Mangled by a spark wasp (shapeshifter) (28 damage)
             ... on level 1 of the Dungeon.
             The game lasted 00:01:10 (656 turns).

oldriver the Trooper (Gargoyle Chaos Knight)         Turns: 656, Time: 00:01:11

Health: -12/20     AC:  8    Str: 15    XL:     2   Next: 95%
Magic:  2/2        EV: 11    Int: 12    God:    Xom [..*...]
Gold:   29         SH:  0    Dex:  9    Spells: 1/1 levels left

rFire   . . .      SeeInvis .    a - +0 hand axe (chaos)
rCold   . . .      Faith    .    (no shield)
rNeg    + . .      Spirit   .    b - +2 leather armour
rPois   ∞          Reflect  .    (no helmet)
rElec   +          Rampage  .    (no cloak)
rCorr   .                        (no gloves)
Will    .....                    (no boots)
Stlth   +                        (no amulet)
HPRegen 0.23/turn                (no ring)
MPRegen 0.08/turn                (no ring)

@: no status effects
A: sickness immunity, AC +2, negative energy resistance 1, electricity
resistance, torment resistance 1, petrification resistance
a: Renounce Religion


You were on level 1 of the Dungeon.
You worshipped Xom.
You were a toy of Xom.
You visited 1 branch of the dungeon, and saw 1 of its levels.

You collected 29 gold pieces.

Inventory:

Hand Weapons
 a - a +0 hand axe of chaos (weapon)
Armour
 b - a +2 leather armour (worn)
 d - a +0 plate armour
Scrolls
 e - a scroll of teleportation {unknown}
Potions
 f - a potion of berserk rage {unknown}
Miscellaneous
 c - a piece from Xom's chessboard (12/15) (quivered)


   Skills:
 + Level 3.7 Fighting
 * Level 3.3 Axes
 - Level 2.1 Armour
 - Level 0.7 Dodging


You had one spell level left.
You didn't know any spells.
Your spell library was empty.

Dungeon Overview and Level Annotations

Branches:
Dungeon (1/15)

Altars:


Innate Abilities, Weirdness & Mutations

You are immune to sickness and miasma.
Your stone body is resilient. (AC +2)
You are immune to poison.
You resist negative energy. (rN+)
You are resistant to electric shocks. (rElec)
You are resistant to unholy torment.
You are immune to petrification.


Message History

An endoplasm is nearby!
An endoplasm is nearby!
The endoplasm freezes you.
You are frozen.
You hit the endoplasm. You drain the endoplasm.
You kill the endoplasm!
No target in view!
No target in view!
No target in view!
A broodmother comes into view.
The broodmother's many legs skitter.
A broodmother is nearby!
A broodmother is nearby!
A broodmother is nearby!
The broodmother summons spiders!
The broodmother summons a spider!
The jumping spider leaps!
You hit the tarantella.
The tarantella is poisoned.
The tarantella is lightly wounded.
The tarantella touches you.
You make a move on Xom's chessboard...
The broodmother flickers and vanishes!
Xom guffaws.
A chill wind blows around you.
A spark wasp appears out of thin air!
Reactivating autopickup.
The tarantella touches you. The tarantella barely misses you.
The jumping spider leaps!
The tarantella attacks as you move away!
The tarantella barely misses you.
You kill the tarantella!
The tarantella's corpse disappears in a puff of smoke!
The spark wasp bursts into living lightning!
The living lightning hits your ice beast!!
Your ice beast dies!
Your ice beast disappears in a puff of smoke!
The living lightning misses you. The spark wasp closely misses you.
You hit the spark wasp but do no damage.
The spark wasp closely misses you. The spark wasp stings you!!
Ouch! That really hurt!
You die...
Xom is highly amused!

#.#.#.###.###.#.#.# #.
#.......#.#.......### ###.
#.###.#.#.#.#.###...###...
#.# #.........# ###..##...
#.# ###.#.#.### ##.##...
#.# #.....# #....s. #.#
#.###.# ########..#b
#.#####.#.#####.......#.#.
#.#.....#@y§.y....###.#...
#)#....$#.###########.#.#.
#.#.....#.# #.........#...
#.#.....#.# #.#########.#.
#.#.....#.# #.# #...
#.#.....#.# #.# *.#.
#.#.....#.###.# ,
#.#.....#...#.# ,
#.#.....#####.######.


You could see a spark wasp.

Vanquished Creatures
  A bat (D:1)
  2 endoplasms (D:1)
  5 giant cockroaches (D:1)
  2 hobgoblins (D:1)
  A quokka (D:1)
  2 ball pythons (D:1)
  A frilled lizard (D:1)
  3 goblins (D:1)
  A kobold (D:1)
  2 rats (D:1)
20 creatures vanquished.

Notes
Turn   | Place    | Note
-------+----------+-------------------------------------------
     0 | D:1      | oldriver the Gargoyle Chaos Knight began the quest for the
                  | Orb.
     0 | D:1      | Reached XP level 1. HP: 14/14 MP: 1/1
   195 | D:1      | XOM: divination: magic mapping
   255 | D:1      | Reached XP level 2. HP: 17/19 MP: 2/2
   350 | D:1      | XOM: butterfly on damage
   397 | D:1      | XOM: divination: magic mapping
   402 | D:1      | a dart slug changed into a shapeshifter
   402 | D:1      | Noticed a shapeshifter (shapeshifter)
   402 | D:1      | a shapeshifter changed into a wind drake
   402 | D:1      | Noticed a wind drake (shapeshifter)
   404 | D:1      | a wind drake changed into a cyclops
   404 | D:1      | Noticed a cyclops (shapeshifter)
   406 | D:1      | XOM: butterfly on damage
   642 | D:1      | Noticed a broodmother
   645 | D:1      | Noticed a tarantella
   648 | D:1      | Noticed a jumping spider
   652 | D:1      | XOM: cast spell 'Summon Ice Beast'
   652 | D:1      | Noticed a spark wasp
   656 | D:1      | Mangled by a spark wasp (shapeshifter)

Illustrated notes

Levels and vault maps discovered:
D:1:      roderic_chinese_lattice_arrival, layout_basic,
          corexii_item_surrounded_by_moat, kennysheep_another_room, st_stairs_4

Skill      XL: |  1 |
---------------+----+-----
Axes           | 3 |  3.3
Fighting       | |  3.7
Armour         | |  2.1
Dodging        | |  0.7

Action                     || total
---------------------------++-------
  Melee: Hand axe          ||    62
  Evoke: Piece from Xom's  ||     4
 Armour: Leather armour    ||    28
  Dodge: Dodged            ||    34

Table legend: (Time is in decaauts)
 A = Elapsed time spent in this place.
 B = Non-inter-level travel time spent in this place.
 C = Inter-level travel time spent in this place.
 D = Time resting spent in this place.
 E = Time spent auto-exploring this place.
 F = Levels seen in this place.
 G = Mean time per level.
                   A        B        C        D        E       F      G
               +--------+--------+--------+--------+--------+-----+--------+
         Total |    665 |    649 |     16 |      0 |    443 |   1 |  665.0 |
       Dungeon |    665 |    649 |     16 |      0 |    443 |   1 |  665.0 |
               +--------+--------+--------+--------+--------+-----+--------+

Top non-repeatable levels by time:
     D:1: 665 daAuts
